 Dungeon Sprint DCSS version 0.17-a0-1210-g1e4f09d (webtiles) character file.

698 Kidiri the Destroyer (level 7, -4/61 HPs)
             Began as a Green Draconian Conjurer on June 4, 2015.
             Was a High Priest of Vehumet.
             Killed from afar by an efreet (27 damage)
             ... with a fireball
             ... in the Dungeon (Sprint VII: "The Pits").
             The game lasted 00:11:22 (1805 turns).

Kidiri the Destroyer (Green Draconian Conjurer)     Turns: 1805, Time: 00:11:23

Health: -4/61      AC:  6    Str: 10    XL:     7   Next: 38%
Magic:  4/17       EV: 14    Int: 17    God:    Vehumet [*****.]
Gold:   0          SH:  0    Dex: 12    Spells: 6 memorised, 0 levels left

rFire  . . .     SeeInvis .     o - staff of energy
rCold  . . .     Clarity  .     (armour unavailable)
rNeg   . . .     SustAt   .     (no shield)
rPois  +         Gourm    .     (helmet restricted)
rElec  .         Spirit   .     (no cloak)
rCorr  .         Warding  .     (no gloves)
rMut   .         NoTele   +     (no boots)
MR     .....                    (no amulet)
Stlth  +++.......               (no ring)
                                (no ring)

@: not resistant to hostile enchantments, fairly stealthy
A: breathe noxious fumes, unfitting armour, poison resistance, cold-blooded, AC
+6
a: Breathe Noxious Fumes, Renounce Religion


You were in the Dungeon.
You worshipped Vehumet.
Vehumet was extremely pleased with you.
You were not hungry.

You visited 1 branch

Inventory:

Magical staves
 o - an uncursed staff of energy (weapon)
Scrolls
 l - 3 scrolls of remove curse
 m - 5 scrolls of amnesia
 n - a scroll of summoning
Potions
 c - 6 potions of curing
 d - 2 potions of heal wounds
 f - 3 potions of magic
 g - 3 potions of berserk rage
 k - 2 potions of invisibility
Books
 a - a book of Conjurations

   Spells                             Type                      Level
   a - Magic Dart                     Conjuration                  1
   b - Searing Ray                    Conjuration                  2
   c - Dazzling Spray                 Conjuration/Hexes            3
   d - Fulminant Prism                Conjuration/Hexes            4
   e - Iskenderun's Mystic Blast      Conjuration                  4
   f - Iskenderun's Battlesphere      Conjuration/Charms           5
Comestibles
 b - 8 bread rations
 i - 40 fruits
 j - 6 meat rations


   Skills:
 + Level 5.2 Fighting
 + Level 4.7 Staves
 + Level 5.0 Dodging
 + Level 5.3 Stealth
 * Level 6.9 Spellcasting
 * Level 8.2 Conjurations
 * Level 4.7 Hexes
 * Level 1.7 Charms
 + Level 4.6 Evocations


You couldn't memorise any spells.
You knew the following spells:

 Your Spells              Type           Power        Failure   Level  Hunger
a - Magic Dart            Conj           ####         1%          1    None
b - Searing Ray           Conj           ####..       1%          2    None
c - Dazzling Spray        Conj/Hex       ####....     1%          3    None
d - Iskenderun's Mystic   Conj           ####....     1%          4    None
e - Fulminant Prism       Conj/Hex       ####......   2%          4    None
f - Iskenderun's Battles  Conj/Chrm      ###.....     13%         5    None


Dungeon Overview and Level Annotations

Branches:
Dungeon (1/1)

Altars:
Ashenzari
Cheibriados
Dithmenos
Elyvilon
Fedhas
Gozag
Kikubaaqudgha
Makhleb
Nemelex Xobeh
Okawaru
Qazlal
Ru
Sif Muna
Trog
Vehumet
Xom
Yredelemnul
Zin
The Shining One
Beogh
Jiyva
Lugonu


Innate Abilities, Weirdness & Mutations

You can breathe blasts of noxious fumes.
Your lurid green scales are hard (AC +6).
Your body does not fit into most forms of armour.
Your system is resistant to poisons.
You are cold-blooded and may be slowed by cold attacks.


Message History

Your fulminant prism explodes!
The blast of energy engulfs the efreet.
The efreet is moderately wounded.
You hear a shout!
Casting: Fulminant Prism
Confirm with . or Enter, or press ? or * to list all spells.
You conjure a globe of magical energy.
The efreet closely misses you.
Casting: Iskenderun's Battlesphere
Confirm with . or Enter, or press ? or * to list all spells.
Aiming: Iskenderun's Mystic Blast
Press: ? - help, Shift-Dir - straight line, f - efreet
Aim: an efreet, wielding a scimitar of flaming (moderately wounded)
The orb of energy hits the efreet.
The efreet is heavily wounded.
Your battlesphere fires!
The barrage of energy hits the efreet.
The efreet is severely wounded.
The efreet gestures at you.
The fireball explodes!
The fireball engulfs you!
You die...

#(#..#[))).##.......#
#'###########.......#
#..#.#.## #########
#.......# ##.#.#.##
#.......#+#
##.#.#.##ยง+
#...*..R#'#
##.#.#@.'.#
##########


You could see an efreet.

Vanquished Creatures
  A flying skull (D)
  A deep elf fighter (D)
  A wolf (D)
  A porcupine (D)
  An iguana (D)
  2 gnoll shamans (D)
  A river rat (D)
  9 gnolls (D)
  A giant eyeball (D)
  2 orcs (D)
  A bat zombie (D)
  A hobgoblin (D)
  A ball python (D)
  A quokka skeleton (D)
  A rat (D)
25 creatures vanquished.

Vanquished Creatures (others)
  2 fulminant prisms (D)
2 creatures vanquished.

Grand Total: 27 creatures vanquished

Notes
Turn   | Place    | Note
--------------------------------------------------------------
     0 | D        | Kidiri the Draconian Conjurer began the quest for the Orb.
     0 | D        | Reached XP level 1. HP: 14/14 MP: 3/3
    45 | D        | Found a sacrificial altar of Ru.
    45 | D        | Found a basalt altar of Yredelemnul.
    45 | D        | Found a shadowy altar of Dithmenos.
    45 | D        | Found a deep blue altar of Sif Muna.
    45 | D        | Found a burning altar of Makhleb.
    45 | D        | Found a shimmering altar of Xom.
    45 | D        | Found an ancient bone altar of Kikubaaqudgha.
    45 | D        | Found a sparkling altar of Nemelex Xobeh.
    46 | D        | Found a glowing golden altar of the Shining One.
    46 | D        | Found a bloodstained altar of Trog.
    46 | D        | Found a shattered altar of Ashenzari.
    46 | D        | Found a white marble altar of Elyvilon.
    46 | D        | Found a snail-covered altar of Cheibriados.
    46 | D        | Found a blossoming altar of Fedhas.
    46 | D        | Found a radiant altar of Vehumet.
    46 | D        | Found a glowing silver altar of Zin.
    46 | D        | Found a corrupted altar of Lugonu.
    46 | D        | Found a viscous altar of Jiyva.
    46 | D        | Found a roughly hewn altar of Beogh.
    46 | D        | Found an iron altar of Okawaru.
    52 | D        | Found a stormy altar of Qazlal.
    52 | D        | Found an opulent altar of Gozag.
    54 | D        | Became a worshipper of Vehumet
   257 | D        | Acquired Vehumet's first power
   257 | D        | Offered knowledge of Flame Tongue by Vehumet.
   424 | D        | Paralysed by a giant eyeball for 2 turns
   432 | D        | Reached skill level 1 in Fighting
   432 | D        | Reached skill level 1 in Evocations
   432 | D        | Reached XP level 2. HP: 21/23 MP: 0/5
   436 | D        | Learned a level 2 spell: Searing Ray
   498 | D        | Noticed a wolf
   509 | D        | Killed a wolf
   509 | D        | Reached skill level 6 in Conjurations
   509 | D        | Reached XP level 3. HP: 16/31 MP: 1/9
   509 | D        | Reached XP level 4. HP: 19/38 MP: 1/10
   509 | D        | Offered knowledge of Sandblast by Vehumet.
   717 | D        | Learned a level 3 spell: Dazzling Spray
   722 | D        | Learned a level 4 spell: Iskenderun's Mystic Blast
   730 | D        | Noticed an iguana
   730 | D        | Noticed a deep elf fighter
   733 | D        | Noticed a gnoll shaman
   747 | D        | Offered knowledge of Static Discharge by Vehumet.
   747 | D        | Reached XP level 5. HP: 45/45 MP: 8/12
   749 | D        | Acquired Vehumet's second power
   753 | D        | Killed a gnoll shaman
   753 | D        | Reached skill level 5 in Spellcasting
   753 | D        | Reached skill level 1 in Hexes
   760 | D        | Learned a level 4 spell: Fulminant Prism
   823 | D        | Noticed a porcupine
   843 | D        | Killed a porcupine
   843 | D        | Acquired Vehumet's third power
   843 | D        | Reached XP level 6. HP: 20/52 MP: 10/14
  1041 | D        | Offered knowledge of Force Lance by Vehumet.
  1041 | D        | Reached skill level 7 in Conjurations
  1073 | D        | Noticed a gnoll shaman
  1082 | D        | Killed a gnoll shaman
  1160 | D        | Killed a deep elf fighter
  1160 | D        | Reached skill level 5 in Stealth
  1232 | D        | Killed an iguana
  1232 | D        | Offered knowledge of Bolt of Magma by Vehumet.
  1232 | D        | Your scales start taking on a lurid green colour.
  1232 | D        | Gained mutation: Your system is resistant to poisons. [Green Draconian growth]
  1232 | D        | Reached XP level 7. HP: 38/60 MP: 6/16
  1281 | D        | Learned a level 5 spell: Iskenderun's Battlesphere
  1425 | D        | Noticed a flying skull
  1461 | D        | Killed a flying skull
  1461 | D        | Offered knowledge of Olgreb's Toxic Radiance by Vehumet.
  1461 | D        | Reached skill level 5 in Fighting
  1461 | D        | Reached skill level 5 in Dodging
  1461 | D        | Reached skill level 8 in Conjurations
  1461 | D        | Reached skill level 1 in Charms
  1797 | D        | Noticed an efreet
  1805 | D        | Killed from afar by an efreet

Vault maps used:
D:        pitsprint

Action                   |  1- 3 |  4- 6 |  7- 9 || total
-------------------------+-------+-------+-------++-------
Melee: Staff             |     7 |    10 |     4 ||    21
 Cast: Magic Dart        |    14 |    20 |     9 ||    43
       Searing Ray       |     1 |     5 |       ||     6
       Iskenderun's Myst |       |     3 |     3 ||     6
       Fulminant Prism   |       |     1 |     1 ||     2
       Iskenderun's Batt |       |       |     2 ||     2
Evoke: Staff of energy   |       |     2 |     1 ||     3
  Use: Potion            |     1 |     1 |     4 ||     6
       Scroll            |       |       |     1 ||     1
  Eat: Meat ration       |       |     1 |       ||     1
